 Dungeon Crawl Stone Soup version 0.18.1-48-g4cf74bf (webtiles) character file.

719 Peloso the Covered (level 7, -8/61 HPs)
             Began as a Minotaur Fighter on Aug 8, 2016.
             Was a Believer of Okawaru.
             Mangled by an orc warrior
             ... wielding a +0 scimitar
              (18 damage)
             ... on level 5 of the Dungeon.
             The game lasted 00:06:03 (4127 turns).

Peloso the Covered (Minotaur Fighter)               Turns: 4127, Time: 00:06:03

Health: -8/61      AC:  9    Str: 21    XL:     7   Next: 42%
Magic:  6/6        EV:  9    Int:  5    God:    Okawaru [**....]
Gold:   223        SH: 10    Dex: 11    Spells: 0 memorised, 6 levels left

rFire  . . .     SeeInvis .     a - +0 long sword
rCold  . . .     Gourm    .     b - +0 scale mail
rNeg   . . .     Faith    .     c - +0 shield
rPois  .         Spirit   .     (helmet restricted)
rElec  .         Dismiss  .     (no cloak)
rCorr  .         Reflect  .     (no gloves)
SustAt .         Harm     .     k - +0 pair of boots
MR     .....                    (no amulet)
Stlth  ..........               (no ring)
                                (no ring)

@: not resistant to hostile enchantments, extremely unstealthy
A: retaliatory headbutt, horns 2
a: Heroism, Renounce Religion


You were on level 5 of the Dungeon.
You worshipped Okawaru.
Okawaru was pleased with you.
You were not hungry.

You visited 1 branch of the dungeon, and saw 5 of its levels.

You collected 223 gold pieces.

Inventory:

Hand Weapons
 a - a +0 long sword (weapon)
 l - a +1 antimagic hand axe
 m - a cursed -3 hand axe
Armour
 b - a +0 scale mail (worn)
 c - a +0 shield (worn)
 k - a +0 pair of boots (worn)
Jewellery
 y - a +6 ring of evasion {unknown}
 A - an uncursed ring of sustain attributes {unknown}
Wands
 s - a wand of disintegration (14/24)
 v - a wand of iceblast (3/15)
 C - a wand of flame (25/48)
 D - a wand of lightning (8/15)
Scrolls
 e - 3 scrolls of teleportation {unknown}
 g - 3 scrolls of recharging {unknown}
 h - 5 scrolls of identify {unknown}
 n - a scroll of magic mapping {unknown}
 q - a scroll of amnesia {unknown}
 w - a scroll of noise {unknown}
Potions
 d - a potion of might
 i - 4 potions of curing {unknown}
 o - a potion of beneficial mutation {unknown}
 p - a potion of heal wounds {unknown}
 t - a potion of degeneration {unknown}
 u - a potion of berserk rage {unknown}
 x - a potion of lignification {unknown}
 z - a potion of magic {unknown}
 B - a potion of brilliance {unknown}
Comestibles
 f - 4 bread rations
 j - 4 meat rations
 r - a royal jelly


   Skills:
 + Level 5.3 Fighting
 + Level 3.9 Long Blades
 + Level 6.4 Armour
 + Level 3.1 Dodging
 + Level 1.0 Stealth
 + Level 6.1 Shields


You had 6 spell levels left.
You didn't know any spells.

Dungeon Overview and Level Annotations

Branches:
Dungeon (5/15)
 Temple: D:4-7

Altars:
Elyvilon
Kikubaaqudgha
Makhleb
Okawaru
Vehumet


Innate Abilities, Weirdness & Mutations

You reflexively headbutt those who attack you in melee.
You have a pair of horns on your head.


Message History

You block the orc warrior's attack.
The orc wizard gestures wildly while chanting.
The orc wizard flickers and vanishes!
You hit the orc warrior but do no damage.
You hear some strange, mumbled words.
The orc warrior hits you with a scimitar!
You closely miss the orc warrior.
The worker ant zombie waves its antennae.
The orc warrior hits you with a scimitar.
You slash the orc warrior! Your headbutt misses the orc warrior.
The orc warrior is moderately wounded.
The orc warrior hits you with a scimitar!
You hit the orc warrior but do no damage.
The orc warrior is moderately wounded.
The orc warrior hits you with a scimitar!!
* * * LOW HITPOINT WARNING * * *
You barely miss the orc warrior. You headbutt the orc warrior.
The orc warrior is heavily wounded.
The orc warrior hits you with a scimitar!!
You die...

._.#.####################
......{Z{o@.............##
.#....################...##
..... #.........# ##..
#.####....# ...
##########.###.#.... ##
#...............##.#
#.####.#.####......< #.#
#.#.# ##...#### #.# #[#.#
#..).###.


You could see an orc warrior and a worker ant zombie.

Vanquished Creatures
  A sky beast (D:5)
  A phantom (D:4)
  An ogre (D:5)
  2 centaurs (D:5)
  An orc priest (D:4)
  A hound (D:4)
  An orc wizard (D:5)
  A hound zombie (D:5)
  Robin (D:3)
  7 adders
  4 gnolls (D:4)
  2 worms (D:3)
  2 dart slugs
  4 orcs
  4 giant cockroaches
  13 goblins
  8 hobgoblins
  2 jackals (D:4)
  5 kobolds
  2 ball pythons
  4 bats
  5 giant newts
  A jackal skeleton (D:5)
  6 rats
79 creatures vanquished.

Notes
Turn   | Place    | Note
--------------------------------------------------------------
     0 | D:1      | Peloso the Minotaur Fighter began the quest for the Orb.
     0 | D:1      | Reached XP level 1. HP: 19/19 MP: 0/0
   378 | D:1      | Reached XP level 2. HP: 27/27 MP: 1/1
  1429 | D:2      | Found a faded altar to an unknown god.
  1520 | D:3      | Reached XP level 3. HP: 33/33 MP: 2/2
  1640 | D:3      | Noticed Robin
  1647 | D:3      | Killed Robin
  2046 | D:3      | Reached XP level 4. HP: 41/41 MP: 3/3
  2370 | D:4      | Reached skill level 1 in Dodging
  2398 | D:4      | Found an iron altar of Okawaru.
  2403 | D:4      | Became a worshipper of Warmaster Okawaru
  2513 | D:4      | Reached skill level 5 in Shields
  2558 | D:4      | Reached XP level 5. HP: 41/47 MP: 4/4
  2602 | D:4      | Noticed a phantom
  2617 | D:4      | Killed a phantom
  2617 | D:4      | Reached skill level 5 in Armour
  2650 | D:4      | Reached XP level 6. HP: 49/55 MP: 5/5
  2765 | D:4      | Found a burning altar of Makhleb.
  3100 | D:5      | Entered Level 5 of the Dungeon
  3182 | D:5      | Noticed a sky beast
  3195 | D:5      | Killed a sky beast
  3195 | D:5      | Reached * piety under Okawaru
  3256 | D:5      | Reached skill level 5 in Fighting
  3256 | D:5      | Reached XP level 7. HP: 13/61 MP: 6/6
  3753 | D:5      | Reached ** piety under Okawaru
  3753 | D:5      | Reached skill level 1 in Stealth
  3896 | D:5      | Found an ancient bone altar of Kikubaaqudgha.
  3896 | D:5      | Found a white marble altar of Elyvilon.
  4105 | D:5      | Found a radiant altar of Vehumet.
  4127 | D:5      | Mangled by an orc warrior

Skill      XL: |  1  2  3  4  5  6  7 |
---------------+----------------------+-----
Shields        | 4 5 6 |  6.1
Fighting       | 4 5 |  5.3
Armour         | 4 5 6 |  6.4
Dodging        | 1 2 3 |  3.1
Long Blades    | 3 |  3.9
Stealth        | 1 |  1.0

Action                   |  1- 3 |  4- 6 |  7- 9 || total
-------------------------+-------+-------+-------++-------
Melee: Long sword        |    95 |    91 |    41 ||   227
       Headbutt          |     9 |    24 |     6 ||    39
  Eat: Pizza             |     1 |       |       ||     1
       Chunk             |     2 |     3 |     4 ||     9
Armor: Scale mail        |    73 |    34 |    18 ||   125
Dodge: Dodged            |    43 |    24 |    21 ||    88
Block: Shield            |    58 |    43 |    18 ||   119
